 Dungeon Crawl Stone Soup version 0.17-a0-2208-ge5ab1d3 (webtiles) character file.

6066 Geeful the Grappler (level 10, -3/102 HPs)
             Began as a Troll Monk on Oct 26, 2015.
             Slain by an unseen horror (4 damage)
             ... on level 8 of the Dungeon.
             The game lasted 00:35:05 (8659 turns).

Geeful the Grappler (Troll Monk)                    Turns: 8659, Time: 00:35:05

Health: -3/102     AC:  7    Str: 22    XL:     10   Next: 57%
Magic:  9/9        EV: 14    Int:  5    God:
Gold:   532        SH:  0    Dex: 15    Spells: 0 memorised, 9 levels left

rFire  + . .     SeeInvis .       - Unarmed
rCold  + . .     Clarity  .     q - +2 robe {rC+ rF+}
rNeg   + . .     SustAt   .     (no shield)
rPois  .         Gourm    +     (helmet restricted)
rElec  .         Spirit   .     (no cloak)
rCorr  .         Warding  .     (gloves unavailable)
rMut   +         Stasis   .     (boots unavailable)
MR     .....                    m - amulet of resist mutation
Stlth  ++........               (no ring)
                                l - ring of positive energy

@: not resistant to hostile enchantments, unstealthy
A: unfitting armour, claws 3, fast metabolism 3, gourmand, regeneration 2,
shaggy fur 1, tough skin 2
a: no special abilities


You were on level 8 of the Dungeon.
You were not hungry.

You visited 2 branches of the dungeon, and saw 10 of its levels.

You collected 532 gold pieces.

Inventory:

Hand Weapons
 c - a +2 scimitar of flaming
Missiles
 n - 26 poisoned needles
 w - 19 tomahawks (quivered)
 y - 6 curare-tipped needles
 B - 2 javelins
 F - 8 needles of sleeping
Armour
 h - a +1 robe of magic resistance
 q - a +2 robe of resistance (worn)
Jewellery
 l - a ring of positive energy (left claw)
 m - an amulet of resist mutation (around neck)
 v - an uncursed amulet of warding
Wands
 d - a wand of confusion (0)
 i - a wand of polymorph (0)
 k - a wand of flame (5)
 t - a wand of cold (7)
 A - a wand of digging (19)
 G - a wand of frost (19)
Scrolls
 e - 3 scrolls of enchant weapon
 g - 5 scrolls of amnesia
 o - 10 scrolls of remove curse
 C - a scroll of magic mapping
Potions
 a - a potion of ambrosia {unknown}
 s - 3 potions of curing
 u - a potion of flight
 x - a potion of lignification {unknown}
Books
 j - a book of Dreams

   Spells                             Type                      Level
   a - Ensorcelled Hibernation        Hexes/Ice                    2
   b - Phase Shift                    Translocation                5
   c - Shadow Creatures               Summoning                    5
   d - Silence                        Hexes/Air                    5
   e - Darkness                       Hexes                        6
   f - Mass Confusion                 Hexes                        6
Miscellaneous
 r - a plain deck of wonders {drawn: 6}
Comestibles
 b - 6 bread rations
 f - 3 royal jellies
 p - 5 meat rations
 z - 2 beef jerkies


   Skills:
 + Level 7.2 Fighting
 + Level 6.7 Throwing
 + Level 7.3 Dodging
 - Level 1.1 Stealth
 + Level 9.3 Unarmed Combat


You had 9 spell levels left.
You didn't know any spells.

Dungeon Overview and Level Annotations

Branches:
Dungeon (9/15)             Temple (1/1) D:7
   Lair: D:8-11         Orc: D:9-12

Altars:
Ashenzari
Cheibriados
Dithmenos
Elyvilon
Fedhas
Gozag
Kikubaaqudgha
Makhleb
Nemelex Xobeh
Okawaru
Qazlal
Ru
Trog
Vehumet
Xom
Yredelemnul
Zin
The Shining One

Annotations:
D:9 edsrzf's ghost, novice DEWz


Innate Abilities, Weirdness & Mutations

You are too large for most types of armour.
You have claws for hands.
Your metabolism is lightning-fast.
You like to eat raw meat.
You heal very quickly.
You are covered in fur (AC +1).
You have very tough skin (AC +2).


Message History

Something hits you! Something hits you! Something hits you.
You miss something. Something barely misses you. Something hits you.
You scratch something. Something hits you.
* * * LOW HITPOINT WARNING * * *
Something hits you!
* * * LOW HITPOINT WARNING * * *
You miss something. Something hits you.
* * * LOW HITPOINT WARNING * * *
Something hits you.
* * * LOW HITPOINT WARNING * * *
You scratch something. Something hits you!
* * * LOW HITPOINT WARNING * * *
Something barely misses you.
You closely miss something. Something hits you!
* * * LOW HITPOINT WARNING * * *
Something hits you but does no damage. Something hits you.
You die...

#..#.#.####.....#.#.
#..#.#.#...####.#.#.
#..#.#.#.##...#.#.#.
#..#.#.#.#[##.#.#.#†
#.#.#.#.#...#.#.#.#.
#.#.#.#.##.#.#.#.#..
#.#.#.#...##.#.#.#..
#.#.#.#### ..#.#.#..
#.#@#.....####.#.#..
..#.######..((.#.#..
..#......)######.#..
.########.......#.. #
.........########.)
#...................)
#.#########...##.###)
#...................#
###.###############.#


There were no monsters in sight!

Vanquished Creatures
  A hydra (D:8)
  Erica (D:8)
  Joseph (D:7)
  A troll (D:9)
  Prince Ribbit (D:9)
  A hungry ghost (D:8)
  A basilisk (D:7)
  3 hippogriffs
  A water moccasin (D:9)
  4 sky beasts
  2 ice beasts
  2 ogres
  A black bear (D:6)
  3 phantoms
  3 centaurs
  3 giant frogs
  2 gnoll sergeants
  3 jellies
  A scorpion (D:5)
  A water moccasin skeleton (D:5)
  10 killer bees
  2 crimson imps
  A centaur zombie (D:8)
  A giant frog zombie (D:3)
  5 orc wizards
  A giant frog skeleton (D:6)
  A quasit (D:5)
  An iguana (D:8)
  4 hounds
  3 orc priests
  A centaur skeleton (D:5)
  Natasha (thrice) (D:2)
  A worker ant (D:5)
  A hound skeleton (D:5)
  9 adders
  16 gnolls
  3 shadow imps
  An adder zombie (D:4)
  2 worms
  An adder skeleton (D:7)
  3 giant geckos
  25 orcs
  4 ball pythons
  11 bats
  5 giant cockroaches
  4 goblins
  10 hobgoblins
  8 jackals
  11 kobolds
  5 quokkas
  2 giant newts
  A quokka skeleton (D:4)
  6 rats
198 creatures vanquished.

Vanquished Creatures (others)
  A slave (D:7)
1 creature vanquished.

Grand Total: 199 creatures vanquished

Notes
Turn   | Place    | Note
--------------------------------------------------------------
     0 | D:1      | Geeful the Troll Monk began the quest for the Orb.
     0 | D:1      | Reached XP level 1. HP: 22/22 MP: 0/0
   110 | D:1      | Reached XP level 2. HP: 29/29 MP: 1/1
   579 | D:1      | Reached XP level 3. HP: 33/36 MP: 2/2
   784 | D:2      | Noticed Natasha
   792 | D:2      | Killed Natasha
   922 | D:2      | Noticed Natasha
   932 | D:2      | Killed Natasha
  1010 | D:2      | Noticed Natasha
  1027 | D:2      | Killed Natasha
  1114 | D:2      | Reached XP level 4. HP: 40/45 MP: 3/3
  1227 | D:2      | Found a stormy altar of Qazlal.
  1652 | D:2      | Found a sparkling altar of Nemelex Xobeh.
  1763 | D:3      | Reached skill level 5 in Unarmed Combat
  1855 | D:3      | Reached XP level 5. HP: 50/53 MP: 4/4
  2055 | D:3      | Found a white marble altar of Elyvilon.
  2295 | D:3      | Found a basalt altar of Yredelemnul.
  2336 | D:3      | Found a sacrificial altar of Ru.
  2337 | D:3      | Found a snail-covered altar of Cheibriados.
  2340 | D:3      | Found a glowing silver altar of Zin.
  2340 | D:3      | Found an ancient bone altar of Kikubaaqudgha.
  2581 | D:4      | Reached XP level 6. HP: 60/62 MP: 5/5
  2786 | D:4      | Reached skill level 1 in Throwing
  2931 | D:4      | Noticed a phantom
  2934 | D:4      | Killed a phantom
  3468 | D:5      | Entered Level 5 of the Dungeon
  3514 | D:5      | Found a basalt altar of Yredelemnul.
  3572 | D:5      | Reached skill level 6 in Unarmed Combat
  3572 | D:5      | Reached XP level 7. HP: 41/70 MP: 6/6
  4095 | D:5      | Reached XP level 8. HP: 50/79 MP: 7/7
  4166 | D:5      | Found an iron altar of Okawaru.
  4166 | D:5      | Found a bloodstained altar of Trog.
  4551 | D:6      | Reached skill level 5 in Fighting
  4551 | D:6      | Reached skill level 5 in Dodging
  4587 | D:6      | Reached skill level 7 in Unarmed Combat
  5239 | D:7      | Noticed Joseph
  5399 | D:7      | Killed Joseph
  5399 | D:7      | Reached XP level 9. HP: 17/88 MP: 8/8
  5534 | D:7      | Noticed Pikel
  5730 | D:7      | Found a staircase to the Ecumenical Temple.
  5737 | Temple   | Entered the Ecumenical Temple
  5902 | D:7      | Drew Focus: Str increased to 22, Int decreased to 5
  5906 | D:7      | Noticed Pikel
  5906 | D:7      | Pikel changed into Pikel the basilisk
  5919 | D:7      | Killed Pikel the basilisk
  6068 | D:7      | Reached skill level 5 in Throwing
  6264 | D:7      | Reached skill level 8 in Unarmed Combat
  6695 | D:8      | Noticed Erica
  6715 | D:9      | Noticed Prince Ribbit
  6723 | D:9      | Killed Prince Ribbit
  7198 | D:9      | Noticed edsrzf's ghost (novice DEWz)
  7220 | D:9      | Reached XP level 10. HP: 60/100 MP: 9/9
  7724 | D:8      | HP: 4/100 [something (7)]
  7729 | D:8      | Noticed a four-headed hydra
  7793 | D:8      | HP: 5/100 [something (8)]
  8386 | D:8      | Killed Erica
  8386 | D:8      | Reached skill level 9 in Unarmed Combat
  8510 | D:8      | Killed a one-headed hydra
  8659 | D:8      | HP: 1/102 [something (7)]
  8659 | D:8      | Slain by an unseen horror

Vault maps used:
D:1:      ncdulo_lavacross, st_stairs_13
D:2:      nicolae_qazlal_general_emergency, nemelex_deck, first_bread,
          uniq_natasha
D:3:      kennysheep_ying_yang, grunt_temple_overflow_open, kennysheep_potato
D:4:      portal_sewer_entry_e
D:5:      wad_crossroads, grunt_temple_overflow_bloody_war, basic_altar
D:7:      temple_statues, uniq_joseph, uniq_pikel
D:8:      minmay_distorted_concentric_squares, uniq_erica
D:9:      tgw_sif, serial_shops, shop, uniq_maurice, uniq_prince_ribbit1
Temple:   temple_eino_lava_8

Action                   |  1- 3 |  4- 6 |  7- 9 | 10-12 || total
-------------------------+-------+-------+-------+-------++-------
Melee: Unarmed           |    94 |   147 |   305 |    98 ||   644
       Scimitar          |       |       |       |     6 ||     6
Throw: Throwing net      |       |     1 |       |       ||     1
       Tomahawk          |       |    13 |     5 |    15 ||    33
Evoke: Wand              |       |       |    24 |     6 ||    30
       Deck              |       |       |     6 |       ||     6
  Use: Scroll            |       |     7 |    12 |     4 ||    23
       Potion            |       |       |     7 |     4 ||    11
 Stab: Sleeping          |     2 |     2 |     4 |     1 ||     9
       Distracted        |       |       |     1 |       ||     1
  Eat: Chunk             |    15 |    19 |    35 |    17 ||    86
